 Dungeon Crawl Stone Soup version 0.27.1-34-g3ba077fa99 (webtiles) character file.

Game seed: 7381878995701193528

111 vvl the Ruffian (level 4, 0/36 HPs)
             Began as a Draconian Transmuter on Jan 22, 2022.
             Slain by a black bear (5 damage)
             ... on level 3 of the Dungeon.
             The game lasted 00:03:12 (2695 turns).

vvl the Ruffian (Draconian Transmuter)              Turns: 2695, Time: 00:03:14

Health: 0/36       AC:  5    Str: 13    XL:     4   Next: 62%
Magic:  6/7        EV: 12    Int: 14    God:
Gold:   58         SH:  0    Dex: 11    Spells: 7/8 levels left

rFire    . . .     SeeInvis .     - Unarmed
rCold    . . .     Faith    .   (no shield)
rNeg     . . .     Spirit   .   (armour unavailable)
rPois    .         Reflect  .   (helmet currently unavailable)
rElec    .         Harm     .   (no cloak)
rCorr    .         Rampage  .   (no gloves)
Will     .....                  (boots currently unavailable)
Stlth    +.........             (no amulet)
HPRegen  0.12/turn              (no ring)
MPRegen  0.10/turn              (no ring)

@: appendages (expiring)
A: horns 2, talons 2, AC +5, unfitting armour, cold-blooded
a: End Transformation


You were on level 3 of the Dungeon.
You had temporarily grown beastly horns and talons.
You visited 1 branch of the dungeon, and saw 3 of its levels.

You collected 58 gold pieces.

Inventory:

Jewellery
 b - a +6 ring of intelligence
Wands
 g - a wand of iceblast (14)
Scrolls
 d - a scroll of magic mapping {unknown}
 e - a scroll of identify {unknown}
 h - a scroll of amnesia {unknown}
Potions
 a - a potion of might {unknown}
 c - a potion of heal wounds {unknown}
 f - a potion of mutation {unknown}
 i - 2 potions of magic {unknown}
 j - a potion of lignification {unknown}


   Skills:
 + Level 1.9 Fighting
 + Level 2.3 Dodging
 + Level 1.1 Shields
 + Level 3.4 Unarmed Combat
 + Level 2.5 Spellcasting
 + Level 2.6 Transmutations
 + Level 1.4 Earth Magic
 + Level 0.0 Evocations


You had 7 spell levels left.
You knew the following spells:

 Your Spells              Type           Power      Damage    Failure   Level
a - Beastly Appendage     Tmut           18%        N/A       8%          1

Your spell library contained the following spells:

 Spells                   Type           Power      Damage    Failure   Level
 Wereblood                Tmut           9%         N/A       12%         2
 Corpse Rot               Necr/Air       N/A        N/A       34%         2
 Spider Form              Tmut/Pois      2%         N/A       36%         3
 Ice Form                 Ice/Tmut       5%         N/A       78%         4
 Dispel Undead            Necr           1%         3d6       92%         4
 Death Channel            Necr           0%         N/A       100%        6


Dungeon Overview and Level Annotations

Branches:
Dungeon (3/15)

Altars:

Shops:
D:2 [


Innate Abilities, Weirdness & Mutations

You have temporarily grown beastly horns and talons.
Your plain brown scales are hard. (AC +5)
You cannot fit into any form of body armour.
You are cold-blooded and may be slowed by cold attacks.


Message History

You hit the black bear. Your headbutt misses the black bear.
You tail-slap the black bear, but do no damage.
The black bear is moderately wounded.
The endoplasm hits you. The black bear bites you. The black bear claws you.
The black bear barely misses you.
You hit the black bear.
Your tail-slap misses the black bear.
The black bear is heavily wounded.
The orc barely misses you.
The endoplasm hits you but does no damage.
The black bear bites you but does no damage.
The black bear misses you.
The black bear claws you but does no damage.
You hit the endoplasm. You headbutt the endoplasm.
You kill the endoplasm!
The orc throws a boomerang.
The boomerang hits you.
You barely miss the black bear. You claw the black bear.
The black bear is heavily wounded.
The black bear barely misses you.
The black bear claws you but does no damage. x2
You barely miss the black bear. You claw the black bear.
You tail-slap the black bear.
The black bear is severely wounded.
The black bear bites you.
The black bear claws you but does no damage.
The black bear closely misses you.
You hit the black bear but do no damage.
The black bear is severely wounded.
You hit the black bear but do no damage.
You claw the black bear. You headbutt the black bear.
You tail-slap the black bear.
The black bear is almost dead.
The black bear goes berserk!
You hit the black bear.
The black bear is almost dead.
Your transformation is almost over.
The black bear bites you! The black bear claws you. x2
The black bear bites you.
* * * LOW HITPOINT WARNING * * *
The black bear claws you.
You die...

##.[≈≈≈# #.'.≈≈##
#.#..##. #######
.####.##...# ..[....
#.#....###... .⌠.⌠.⌠.
#.#.#........ .......###
##.#+##.###### >......h.#
#.......# #...
.......#@###.......###.##
.⌠.⌠.⌠.#........†......#
.......####.......#######
########.................
####.###.#########
..###.....# ...........#
##.####..### ###P


You could see a black bear (berserk).

Vanquished Creatures
  A howler monkey (D:2)
  2 adders (D:2)
  A dart slug (D:2)
  An orc (D:2)
  8 ball pythons
  A bat zombie (D:2)
  7 endoplasms
  3 giant cockroaches (D:1)
  2 goblins
  2 hobgoblins
  3 jackals (D:1)
  2 quokkas (D:1)
  6 bats
  A frilled lizard (D:1)
  5 kobolds
  2 rats
47 creatures vanquished.

Vanquished Creatures (others)
  2 withered plants (D:2)
2 creatures vanquished.

Grand Total: 49 creatures vanquished

Notes
Turn   | Place    | Note
-------+----------+-------------------------------------------
     0 | D:1      | vvl the Draconian Transmuter began the quest for the Orb.
     0 | D:1      | Reached XP level 1. HP: 16/16 MP: 3/3
     3 | D:1      | Noticed an electric eel
     4 | D:1      | Noticed an electric eel
   245 | D:1      | Reached XP level 2. HP: 23/23 MP: 3/5
   761 | D:1      | Reached XP level 3. HP: 28/28 MP: 4/6
  1242 | D:2      | Reached skill level 1 in Earth Magic
  1439 | D:2      | Found Pemmus's Antique Armour Boutique.
  2122 | D:2      | Reached XP level 4. HP: 36/36 MP: 5/7
  2224 | D:2      | Reached skill level 1 in Shields
  2674 | D:3      | Found a faded altar of an unknown god.
  2680 | D:3      | Noticed a black bear
  2695 | D:3      | Slain by a black bear

Illustrated notes

Levels and vault maps discovered:
D:1:      arrival_aquarium_b, layout_basic, dk_noncrumbling_3
D:2:      layout_basic, serial_undead, serial_undead_d, serial_undead_d,
          serial_undead_a, serial_undead_e, serial_shops, shop_statue,
          minmay_misc_feat_diagonals
D:3:      layout_basic, tgw_kikubaaqudgha,
          mainiacjoe_overflow_concentric_impassable,
          shapermc_ecumenical_altar_gd, grunt_ministairs_3,
          chequers_serial_rivers_large_b, grunt_decor_junction

Skill      XL: |  1  2  3  4 |
---------------+-------------+-----
Dodging        | 2 |  2.3
Earth Magic    | 1 |  1.4
Shields        | 1 |  1.1
Fighting       | |  1.9
Unarmed Combat | |  3.4
Spellcasting   | |  2.5
Transmutations | |  2.6

Action                   |  1- 3 |  4- 6 || total
-------------------------+-------+-------++-------
Melee: Unarmed           |   105 |    23 ||   128
       Headbutt          |     9 |     4 ||    13
       Tailslap          |    11 |     4 ||    15
       Kick              |    20 |     4 ||    24
       Punch             |     2 |     1 ||     3
 Cast: Beastly Appendage |    27 |     8 ||    35
Armor: Skin              |    28 |     9 ||    37
Dodge: Dodged            |    64 |    17 ||    81
